 Dungeon Crawl Stone Soup version 0.27-a0-1071-ga85bd9520d (webtiles) character file.

Game seed: 9925445077373575765

27745 HoaS the Grappler (level 12, -2/103 HPs)
             Began as a Demigod Gladiator on Apr 24, 2021.
             Slain by a cane toad (6 damage)
             ... on level 5 of the Lair of Beasts.
             The game lasted 00:35:29 (18126 turns).

HoaS the Grappler (Demigod Gladiator)              Turns: 18126, Time: 00:35:29

Health: -2/103     AC: 21    Str: 39    XL:     12   Next: 70%
Magic:  15/15      EV: 17    Int: 15    God:
Gold:   2162       SH:  0    Dex: 15    Spells: 11/11 levels left

rFire    . . .     SeeInvis .     - Unarmed
rCold    . . .     Faith    .   (no shield)
rNeg     + . .     Spirit   .   r - +0 plate armour
rPois    .         Reflect  .   b - +1 helmet
rElec    .         Harm     .   K - +1 cloak
rCorr    .         Rampage  .   (no gloves)
Will     +....                  i - +1 pair of boots
Stlth    ..........             G - amulet of regeneration
HPRegen  1.27/turn              d - ring of Xygat {Fly rN+ Str+8 Int+5 Stlth-}
MPRegen  0.14/turn              o - +4 ring of evasion

@: flying
A: high mp 1, forlorn
a: no special abilities


You were on level 5 of the Lair of Beasts.
You visited 2 branches of the dungeon, and saw 15 of its levels.
You also visited: Ossuary.

You collected 2162 gold pieces.

Inventory:

Missiles
 g - 56 poisoned darts
 l - 6 boomerangs
 t - 8 atropa-tipped darts
 B - 8 silver boomerangs
Armour
 b - a +1 helmet (worn)
 i - a +1 pair of boots (worn)
 r - a +0 plate armour (worn)
 K - a +1 cloak (worn)
Jewellery
 d - the ring of Xygat (left hand) {Fly rN+ Str+8 Int+5 Stlth-}
   (You acquired it on level 2 of the Dungeon)

   [ring of positive energy]

   It affects your strength (+8).
   It affects your intelligence (+5).
   It protects you from negative energy.
   It grants you flight.
   It makes you less stealthy.
 o - a +4 ring of evasion (right hand)
 p - a ring of fire
 q - a ring of fire
 G - an amulet of regeneration (around neck)
Wands
 k - a wand of polymorph (12)
 n - a wand of iceblast (27)
 w - a wand of flame (18)
 D - a wand of mindburst (13) (quivered)
 E - a wand of charming (7)
 F - a wand of digging (9)
Scrolls
 h - 3 scrolls of fog
 u - 3 scrolls of blinking
 x - a scroll of teleportation
 y - 3 scrolls of fear
 C - 2 scrolls of torment
Potions
 a - 6 potions of ambrosia
 c - 5 potions of curing
 e - a potion of degeneration {unknown}
 f - 4 potions of flight
 j - a potion of might {unknown}
 m - a potion of attraction {unknown}
 s - a potion of brilliance {unknown}
 v - a potion of mutation {unknown}
 z - a potion of berserk rage
 A - 2 potions of haste {unknown}
 I - a potion of cancellation {unknown}
Miscellaneous
 H - a lightning rod (3/4)
 J - a condenser vane


   Skills:
 + Level 8.9 Fighting
 - Level 1.7 Throwing
 + Level 8.8 Armour
 + Level 8.8 Dodging
 * Level 14.0 Unarmed Combat


You had 11 spell levels left.
You didn't know any spells.
Your spell library contained the following spells:

 Spells                   Type           Power      Damage    Failure   Level
 Magic Dart               Conj           0%         1d3       80%         1
 Shock                    Conj/Air       0%         1d3       80%         1
 Searing Ray              Conj           0%         3d3       90%         2
 Static Discharge         Conj/Air       0%         N/A       90%         2
 Dazzling Flash           Conj/Hex       0%         N/A       99%         3
 Ignite Poison            Fire/Tmut/Pois 0%         N/A       99%         3
 Swiftness                Air            0%         N/A       99%         3
 Airstrike                Air            0%         N/A       100%        4
 Fulminant Prism          Conj/Hex       0%         3d6       100%        4
 Iskenderun's Mystic Bla  Conj/Tloc      0%         2d3       100%        4
 Fireball                 Conj/Fire      0%         3d3       100%        5
 Lightning Bolt           Conj/Air       0%         1d11      100%        5
 Starburst                Conj/Fire      0%         8x6d3     100%        6
 Ignition                 Fire           0%         3d3       100%        8


Dungeon Overview and Level Annotations

Branches:
Dungeon (10/15)            Temple (0/1) D:7            Lair (5/6) D:10
 Shoals (0/4) Lair:4        Snake (0/4) Lair:4          Orc (0/2) D:9
Ossuary (visited)
  Slime: Lair:5-6

Annotations:
D:7 3 runed translucent doors, TheNamelessOne's ghost, novice OpGl; nht's ghost, novice DsEE
Lair:2 Fannar
Lair:5 1 runed translucent door


Innate Abilities, Weirdness & Mutations

Your attributes grow dramatically as you level up.
You have an increased reservoir of magic. (+10% MP)
You shall have no god before yourself.


Message History

The cane toad stings you but does no damage.
You miss the rime drake.
The rime drake is moderately wounded.
You feel very sick. The rime drake barely misses you. The cane toad misses you.
The cane toad stings you but does no damage.
You pummel the rime drake!!
You kill the rime drake!
You feel very sick.
The cane toad stings you but does no damage.
The cane toad stings you!
* * * LOW HITPOINT WARNING * * *
* * * LOW HITPOINT WARNING * * *
You feel very sick. The cane toad completely misses you.
You see here a rime drake corpse.
You feel better. The cane toad closely misses you.
The cane toad stings you but does no damage. x2
You hit the cane toad.
The cane toad is lightly wounded.
The cane toad barely misses you.
You punch the cane toad!
The cane toad is heavily wounded.
The cane toad stings you but does no damage.
The cane toad completely misses you.
You punch the cane toad!
The cane toad is almost dead.
The cane toad stings you!
* * * LOW HITPOINT WARNING * * *
The cane toad completely misses you.
You punch the cane toad!
You kill the cane toad!
You pummel the cane toad!!
The cane toad is almost dead.
The cane toad stings you!
* * * LOW HITPOINT WARNING * * *
You hit the cane toad.
The cane toad is almost dead.
The cane toad stings you.
You die...

#..# ##.. ## #...#...
#.#. .# .P....P.. ##..
##. .......... #..
#..##......##.######..
#........#..#.........
#....#..##.#..........
##..#F†....##..#....#.#
#....†@.....##.#...####
...........#...##^.P..#
.......#.#.#P.P##..P(.#
.P....#.#.#..........#.#
.P....≈..............###
..≈.≈#.......#....##..#
...≈#≈..#....##########
..#≈...#≈...# ....
#≈...#


You could see a cane toad.

Vanquished Creatures
  A dire elephant (Lair:4)
  4 hydras
  A catoblepas (Lair:3)
  2 two-headed ogres
  An oklob plant (Lair:3)
  A manticore (D:10)
  An elephant (Lair:4)
  3 black mambas
  Maggie (D:6)
  Psyche (D:10)
  9 cane toads
  6 rime drakes
  5 komodo dragons
  A queen bee (Lair:3)
  A polar bear (Lair:5)
  4 blink frogs (Lair:2)
  A dream sheep (Lair:4)
  A snapping turtle (Lair:4)
  2 wyverns
  23 yaks
  A basilisk (Lair:3)
  Eustachio (D:6)
  A steam dragon (D:8)
  4 nagas (Lair:4)
  An acid dragon (D:9)
  12 water moccasins
  An ice beast (D:4)
  6 orc warriors
  A sky beast (D:6)
  A hornet zombie (D:5)
  4 black bears
  2 centaurs
  12 wolves
  2 phantoms
  2 kobold brigands
  12 bullfrogs
  A gnoll sergeant (D:9)
  2 scorpions
  A wyvern skeleton (D:6)
  A water moccasin skeleton (D:4)
  30 killer bees
  An electric eel (Lair:1)
  8 wights (D:8)
  4 howler monkeys
  2 centaur zombies (D:9)
  2 jellies
  6 hounds
  6 orc priests
  A gnoll shaman (D:7)
  3 iguanas
  15 orc wizards
  6 hell rats
  3 mummies (Ossuary)
  A hound skeleton (D:5)
  3 howler monkey zombies
  12 gnolls
  5 adders
  A shadow imp (D:7)
  2 white imps
  2 adder zombies (Ossuary)
  3 worms
  A dart slug (D:4)
  47 orcs
  3 bats
  6 endoplasms
  A gnoll zombie (Ossuary)
  4 goblins
  6 hobgoblins
  3 jackals (D:1)
  5 quokkas
  8 ball pythons
  2 frilled lizards
  3 goblin zombies (Ossuary)
  3 hobgoblin zombies (Ossuary)
  17 kobolds
  4 kobold zombies (Ossuary)
  2 quokka zombies (Ossuary)
  A rat (D:2)
  3 rat zombies (Ossuary)
372 creatures vanquished.

Vanquished Creatures (others)
  A kobold (D:8)
  3 fungi
  13 plants
  2 withered plants (D:7)
19 creatures vanquished.

Grand Total: 391 creatures vanquished

Notes
Turn   | Place    | Note
-------+----------+-------------------------------------------
     0 | D:1      | HoaS the Demigod Gladiator began the quest for the Orb.
     0 | D:1      | Reached XP level 1. HP: 17/17 MP: 3/3
   241 | D:1      | Reached skill level 3 in Unarmed Combat
   460 | D:1      | Reached XP level 2. HP: 21/24 MP: 4/4
  1100 | D:2      | Identified a scroll of acquirement
  1100 | D:2      | Acquired the ring of Xygat {Fly rN+ Str+8 Int+5 Stlth-}
  1746 | D:3      | Reached skill level 4 in Unarmed Combat
  1746 | D:3      | Reached XP level 3. HP: 28/29 MP: 5/5
  2433 | D:4      | Reached XP level 4. HP: 35/36 MP: 6/6
  2546 | D:4      | Reached skill level 5 in Unarmed Combat
  2671 | D:4      | Reached XP level 5. HP: 13/41 MP: 7/7
  2879 | D:4      | Reached skill level 6 in Unarmed Combat
  3219 | D:4      | Reached XP level 6. HP: 47/48 MP: 8/8
  3316 | D:4      | Reached skill level 7 in Unarmed Combat
  3869 | D:5      | Entered Level 5 of the Dungeon
  4285 | D:5      | Reached XP level 7. HP: 46/53 MP: 9/9
  4424 | D:5      | Reached skill level 8 in Unarmed Combat
  4970 | D:5      | HP: 2/53 [poisoned by a water moccasin]
  5988 | D:6      | Reached skill level 9 in Unarmed Combat
  6041 | D:6      | Reached skill level 1 in Armour
  6183 | D:6      | Reached XP level 8. HP: 35/62 MP: 10/10
  6451 | D:6      | Noticed Eustachio
  6589 | D:6      | Killed Eustachio
  6904 | D:6      | Noticed Maggie
  6918 | D:6      | Killed Maggie
  7595 | D:7      | Found a staircase to the Ecumenical Temple.
  7631 | D:7      | Reached XP level 9. HP: 66/71 MP: 11/11
  7939 | D:7      | Found a sand-covered staircase.
  7943 | Ossuary  | Entered an ossuary
  8239 | D:7      | Found a runed translucent gate.
  8240 | D:7      | Found a runed translucent gate.
  8240 | D:7      | Found a runed translucent gate.
  8242 | D:7      | Noticed nht's ghost (novice DsEE)
  8242 | D:7      | Noticed TheNamelessOne's ghost (novice OpGl)
  8630 | D:8      | Reached skill level 10 in Unarmed Combat
  8930 | D:8      | Noticed a two-headed ogre
  8949 | D:8      | Killed a two-headed ogre
  8950 | D:8      | Reached skill level 5 in Fighting
  8950 | D:8      | Reached skill level 5 in Armour
  8950 | D:8      | Reached skill level 5 in Dodging
  9926 | D:9      | Noticed a five-headed hydra
  9935 | D:9      | Killed a five-headed hydra
  9936 | D:9      | Reached skill level 11 in Unarmed Combat
  9936 | D:9      | Reached XP level 10. HP: 81/81 MP: 13/13
 11278 | D:9      | Found a staircase to the Orcish Mines.
 12069 | D:10     | Entered Level 10 of the Dungeon
 12546 | D:10     | Noticed a two-headed ogre
 12556 | D:10     | Killed a two-headed ogre
 12557 | D:10     | Reached XP level 11. HP: 91/91 MP: 14/14
 12566 | D:10     | Found a staircase to the Lair.
 12575 | D:10     | Noticed Psyche
 12788 | D:10     | Killed Psyche
 12789 | D:10     | Reached skill level 12 in Unarmed Combat
 13228 | Lair:1   | Entered Level 1 of the Lair of Beasts
 14401 | Lair:2   | Noticed Fannar
 16166 | Lair:3   | Noticed a catoblepas
 16183 | Lair:3   | Killed a catoblepas
 16184 | Lair:3   | Reached skill level 13 in Unarmed Combat
 16859 | Lair:4   | Noticed a seven-headed hydra
 16862 | Lair:4   | Noticed an eight-headed hydra
 16876 | Lair:4   | Killed an eight-headed hydra
 16877 | Lair:4   | Reached XP level 12. HP: 101/101 MP: 15/15
 16881 | Lair:4   | Killed a seven-headed hydra
 16935 | Lair:3   | Acquired 1149 gold pieces
 17074 | Lair:4   | Found a staircase to the Snake Pit.
 17614 | Lair:4   | Noticed a five-headed hydra
 17626 | Lair:4   | Killed a five-headed hydra
 17671 | Lair:4   | Noticed a dire elephant
 17686 | Lair:4   | Killed a dire elephant
 17786 | Lair:4   | Found a staircase to the Shoals.
 17881 | Lair:4   | Identified the +3 scale mail of Irocvic {Rampage rN+}
 18037 | Lair:5   | Found a runed translucent door.
 18106 | Lair:5   | Reached skill level 14 in Unarmed Combat
 18119 | Lair:5   | HP: 5/103 [poisoned by a cane toad]
 18125 | Lair:5   | HP: 4/103 [cane toad (7)]
 18126 | Lair:5   | Slain by a cane toad

Illustrated notes

Levels and vault maps discovered:
D:1:      lemuel_arrival_rhombus, layout_loops_ring,
          shapermc_ecumenical_altar_notcrosses
D:2:      layout_loops_ring
D:3:      layout_loops_cross, tso_altar, chequers_garden
D:4:      layout_basic, minmay_cupped
D:5:      layout_basic, lemuel_tele_altar, serial_glass, glass_columns_a,
          glass_columns_a, kennysheep_big_empty_room
D:6:      layout_loops_cross, minmay_misc_feat_enclosed, uniq_maggie,
          uniq_eustachio
D:7:      layout_gridville, kennysheep_mini, lemuel_doored_altar,
          minmay_temple_entry_ruins, gammafunk_ghost_cemetery, enter_ossuary_5
D:8:      layout_basic, amcnicky_altar_gilded, minmay_misc_feat_cross,
          nicolae_two_hexagons
D:9:      layout_basic, old_standard_altar, nicolae_overflow_crystal_walls,
          david_orc_4
D:10:     layout_loops_ring, nicolae_overflow_hidden_temple,
          cheibriados_altar_1, lair_entry_dummy, uniq_psyche
Lair:1:   layout_gridlike, chequers_serial_rivers_small_3, serial_bayou_shore_a
Lair:2:   layout_cave_pods, beast_lair_carwin_2, uniq_fannar
Lair:3:   layout_roguey [special_room_bee], gauntlet_entry_generic
Lair:4:   nzn_winding_woodlands_medium [nzn_winding_woodlands_5x5_closed_star,
          nzn_winding_woodlands_5x15_parted, nzn_winding_woodlands_5x5_default,
          nzn_winding_woodlands_5x5_cross,
          nzn_winding_woodlands_center_diamonds,
          nzn_winding_woodlands_5x5_three, nzn_winding_woodlands_5x5_perimeter,
          nzn_winding_woodlands_5x15_zeroes,
          nzn_winding_woodlands_5x5_open_star], layout_small_grid,
          minmay_shoals_entry_hut, minmay_snake_entry_guardpost_medium
Lair:5:   gammafunk_mikee_crab_dinner, layout_loops_ring, slime_altar_1,
          special_room [special_room_mythical_zoo], portal_ice_cave_rime

Skill      XL: |  1  2  3  4  5  6  7  8  9 10 11 12 |
---------------+-------------------------------------+-----
Unarmed Combat | 3 4 5 6 7 9 11 13 14 | 14.0
Fighting       | 2 4 5 6 8 |  8.9
Armour         | 2 4 5 6 7 8 |  8.8
Dodging        | 3 4 5 6 7 8 |  8.8
Throwing       | |  1.7

Action                   |  1- 3 |  4- 6 |  7- 9 | 10-12 || total
-------------------------+-------+-------+-------+-------++-------
Melee: Unarmed           |   164 |   150 |   419 |   780 ||  1513
       Punch             |     1 |     8 |    32 |    82 ||   123
Throw: Throwing net      |       |       |     6 |     1 ||     7
       Dart              |       |       |       |     1 ||     1
Evoke: Wand              |       |       |     6 |     2 ||     8
       Lightning rod     |       |       |       |     3 ||     3
  Use: Scroll            |     5 |     4 |     7 |     8 ||    24
       Potion            |       |       |       |     5 ||     5
 Stab: Held in net/web   |       |       |     4 |     2 ||     6
Armor: Ring mail         |    29 |       |       |       ||    29
       Chain mail        |    43 |    63 |    16 |       ||   122
       Plate armour      |       |       |   129 |   339 ||   468
Dodge: Dodged            |    71 |    47 |   253 |   584 ||   955

Table legend: (Time is in decaauts)
 A = Elapsed time spent in this place.
 B = Non-inter-level travel time spent in this place.
 C = Inter-level travel time spent in this place.
 D = Time resting spent in this place.
 E = Time spent auto-exploring this place.
 F = Levels seen in this place.
 G = Mean time per level.
                   A        B        C        D        E       F      G
               +--------+--------+--------+--------+--------+-----+--------+
         Total |  17841 |  17387 |    454 |   5408 |   8823 |  16 | 1115.1 |
       Dungeon |  13087 |  12775 |    312 |   4709 |   5898 |  10 | 1308.7 |
          Lair |   4553 |   4412 |    141 |    699 |   2809 |   5 |  910.6 |
       Ossuary |    200 |    200 |      0 |      0 |    116 |   1 |  200.0 |
               +--------+--------+--------+--------+--------+-----+--------+

Top non-repeatable levels by time:
     D:9: 2615 daAuts
     D:5: 1813 daAuts
     D:4: 1734 daAuts
  Lair:3: 1277 daAuts
     D:6: 1220 daAuts
  Lair:1: 1157 daAuts
    D:10: 1144 daAuts
     D:8: 1074 daAuts
     D:7: 1072 daAuts
  Lair:2: 1050 daAuts
     D:1: 961 daAuts
  Lair:4: 926 daAuts
     D:3: 858 daAuts
     D:2: 592 daAuts
 Ossuary: 200 daAuts
